 Dungeon Sprint DCSS version 0.20.1-1-g8b1a95d (webtiles) character file.

2209 suicidejoker the Unseen (level 9, 0/64 HPs)
             Began as an Octopode Assassin on Aug 24, 2017.
             Was a High Priest of Cheibriados.
             Splashed by an oklob plant's acid (17 damage)
             ... in the Dungeon (Sprint IV: "Fedhas' Mad Dash").
             The game lasted 00:04:14 (832 turns).

suicidejoker the Unseen (Octopode Assassin)          Turns: 832, Time: 00:04:14

Health: 0/64       AC:  1    Str: 26    XL:     9   Next: 34%
Magic:  17/17      EV: 20    Int: 27    God:    Cheibriados [*****.]
Gold:   170        SH:  0    Dex: 26    Spells: 8/8 levels left

rFire    . . .     SeeInvis .   o - -3 dagger (curse)
rCold    . . .     Gourm    .   (no shield)
rNeg     . . .     Faith    .   (helmet restricted)
rPois    .         Spirit   .   l - amulet of invisibility {+Inv}
rElec    .         Reflect  .   (no ring)
rCorr    .         Harm     .   (no ring)
MR       .....     NoTele   +   (no ring)
Stlth    ++++++++..             (no ring)
Regen    0.2/turn               (no ring)
MPRegen  0.2/turn               (no ring)
                                (no ring)
                                (no ring)

@: very slow
A: almost no armour, stealthy swim, amphibious, 8 rings, constrict 8, camouflage
1, gelatinous body 1
a: Bend Time, Temporal Distortion, Slouch, Step From Time, Renounce Religion,
Evoke Invisibility


You were in the Dungeon.
You worshipped Cheibriados.
Cheibriados was extremely pleased with you.
You were not hungry.

You visited 1 branch You collected 170 gold pieces.

Inventory:

Hand Weapons
 a - a +2 dagger
 b - a +0 blowgun
 o - a cursed -3 dagger (weapon)
Missiles
 c - 8 poisoned needles
 d - 2 curare-tipped needles
Magical Staves
 p - an uncursed staff of cold {unknown}
Jewellery
 l - the amulet of invisibility (around mantle) {+Inv}
   (You found it in the Dungeon)

   [amulet of nothing]

   It lets you turn invisible.
Scrolls
 k - a scroll of blinking
Potions
 e - 2 potions of curing
 g - a potion of heal wounds
 h - a potion of haste
 i - 2 potions of magic
 j - a potion of berserk rage
 m - a potion of lignification {unknown}
 n - a potion of might {unknown}
Comestibles
 f - a bread ration
 q - 3 royal jellies
 r - a fruit


   Skills:
 + Level 7.6 Fighting
 * Level 10.7 Short Blades
 - Level 2.0 Throwing
 + Level 7.5 Dodging
 * Level 15.2 Stealth
 * Level 10.8 Evocations


You had 8 spell levels left.
You didn't know any spells.

Dungeon Overview and Level Annotations

Branches:
Dungeon (1/1)

Altars:
Cheibriados
Dithmenos
Elyvilon
Gozag
Hepliaklqana
Kikubaaqudgha
Makhleb
Nemelex Xobeh
Okawaru
Qazlal
Ru
Sif Muna
Trog
Uskayaw
Vehumet
Xom
Yredelemnul
Zin
The Shining One
Beogh
Jiyva
Lugonu

Shops:
D :[:[

Annotations:
D exclusions: oklob plant and oklob sapling


Innate Abilities, Weirdness & Mutations

You cannot wear most types of armour.
You are very stealthy in the water. (Stealth+)
You are amphibious.
You can wear up to eight rings at the same time.
You can use your tentacles to constrict eight enemies at once.
Your skin changes colour to match your surroundings (Stealth+).
Your rubbery body absorbs attacks. (AC +1, EV +1)


Message History

The oklob plant is lightly damaged.
You constrict the oklob plant, but do no damage.
You hit the oklob plant but do no damage.
The oklob plant is lightly damaged.
You constrict the oklob plant. The oklob plant spits acid at you.
The splash of acid hits you!
You are splashed with acid!
The acid burns!
You hit the oklob plant but do no damage.
You squeeze the oklob plant, but do no damage.
The oklob plant is lightly damaged.
You constrict the oklob plant.
You hit the oklob plant but do no damage.
You squeeze the oklob plant, but do no damage.
The oklob plant is lightly damaged.
You constrict the oklob plant. The oklob plant spits acid at you.
The splash of acid hits you!
* * * LOW HITPOINT WARNING * * *
You are splashed with acid!
The acid burns!
You die...

#<..P#....÷#.....#.⌠._._._._.
#PP..'.(...'.#(..'.._._._._._
#PPPP#.....#.#...#..._._._._.
###############'##.._._._._._
#..†♣........'...#..._._._._.
#.†.†..♣.....#...############
#.....♣..♣..######
##'####'######P)+
#..#....'...@..f#
#..#.[###....P..# #######
#########


You could see an oklob plant, a wandering mushroom and an oklob sapling.

Vanquished Creatures
  An oklob plant (D)
  2 wandering mushrooms (D)
  3 burning bushes (D)
  A queen bee (D)
  2 scorpions (D)
  4 killer bees (D)
  4 oklob saplings (D)
  A worker ant (D)
  2 spriggans (D)
  A river rat (D)
  A rat (D)
22 creatures vanquished.

Notes
Turn   | Place    | Note
-------+----------+-------------------------------------------
     0 | D        | suicidejoker the Octopode Assassin began the quest for the Orb.
     0 | D        | Reached XP level 1. HP: 14/14 MP: 1/1
    14 | D        | Reached skill level 6 in Stealth
    14 | D        | Reached XP level 2. HP: 20/20 MP: 2/2
    19 | D        | Noticed an oklob sapling
    33 | D        | Reached skill level 7 in Stealth
    33 | D        | Reached XP level 3. HP: 10/26 MP: 3/3
   243 | D        | Killed an oklob sapling
   243 | D        | Reached skill level 8 in Stealth
   243 | D        | Reached skill level 1 in Evocations
   243 | D        | Reached XP level 4. HP: 31/31 MP: 1/5
   283 | D        | Found an opulent altar of Gozag.
   283 | D        | Found a hazy altar of Hepliaklqana.
   283 | D        | Found a burning altar of Makhleb.
   283 | D        | Found a sparkling altar of Nemelex Xobeh.
   283 | D        | Found a sacrificial altar of Ru.
   283 | D        | Found a deep blue altar of Sif Muna.
   283 | D        | Found a shimmering altar of Xom.
   283 | D        | Found a basalt altar of Yredelemnul.
   284 | D        | Found a viscous altar of Jiyva.
   284 | D        | Found a roughly hewn altar of Beogh.
   284 | D        | Found a snail-covered altar of Cheibriados.
   284 | D        | Found a bloodstained altar of Trog.
   284 | D        | Noticed an oklob sapling priest
   285 | D        | Found an iron altar of Okawaru.
   285 | D        | Found a glowing silver altar of Zin.
   285 | D        | Found a shadowy altar of Dithmenos.
   286 | D        | Found a hide-covered altar of Uskayaw.
   286 | D        | Found an ancient bone altar of Kikubaaqudgha.
   287 | D        | Found a stormy altar of Qazlal.
   287 | D        | Found a glowing golden altar of the Shining One.
   287 | D        | Found a white marble altar of Elyvilon.
   288 | D        | Found a radiant altar of Vehumet.
   288 | D        | Found a corrupted altar of Lugonu.
   291 | D        | Killed an oklob sapling priest
   291 | D        | Reached skill level 5 in Short Blades
   291 | D        | Reached skill level 9 in Stealth
   294 | D        | Became a worshipper of Cheibriados the Contemplative
   305 | D        | Reached XP level 5. HP: 37/37 MP: 6/8
   316 | D        | Reached * piety under Cheibriados
   321 | D        | Reached skill level 10 in Stealth
   321 | D        | Reached skill level 5 in Evocations
   325 | D        | Reached ** piety under Cheibriados
   325 | D        | Reached XP level 6. HP: 16/44 MP: 6/10
   588 | D        | Found Baihixoo's Armour Shop.
   589 | D        | Found Poafug's Book Emporium.
   596 | D        | Noticed a burning bush
   596 | D        | Noticed a wandering mushroom
   597 | D        | Noticed a wandering mushroom
   599 | D        | Killed a wandering mushroom
   599 | D        | Reached skill level 5 in Fighting
   599 | D        | Reached skill level 5 in Dodging
   599 | D        | Reached skill level 11 in Stealth
   599 | D        | Reached XP level 7. HP: 50/50 MP: 10/12
   601 | D        | Killed a burning bush
   601 | D        | Reached skill level 12 in Stealth
   602 | D        | Killed a wandering mushroom
   602 | D        | Reached skill level 13 in Stealth
   602 | D        | Reached XP level 8. HP: 58/58 MP: 10/14
   611 | D        | Reached *** piety under Cheibriados
   633 | D        | Found Dipt's Antique Armour Emporium.
   633 | D        | Found Puobok's Book Shoppe.
   689 | D        | Noticed a queen bee
   692 | D        | Reached **** piety under Cheibriados
   701 | D        | Killed a queen bee
   705 | D        | Reached skill level 14 in Stealth
   706 | D        | Reached ***** piety under Cheibriados
   790 | D        | Noticed an oklob plant
   793 | D        | Killed an oklob plant
   793 | D        | Reached skill level 10 in Short Blades
   793 | D        | Reached skill level 10 in Evocations
   793 | D        | Reached XP level 9. HP: 64/64 MP: 16/16
   806 | D        | Noticed a burning bush
   809 | D        | Killed a burning bush
   822 | D        | Noticed a burning bush
   822 | D        | Noticed an oklob plant
   823 | D        | Noticed a wandering mushroom
   824 | D        | Killed a burning bush
   824 | D        | Reached skill level 15 in Stealth
   832 | D        | Splashed by an oklob plant's acid

Skill      XL: |  1  2  3  4  5  6  7  8  9 |
---------------+----------------------------+-----
Short Blades   | 3 4 5 6 7 9 10 | 10.7
Stealth        | 6 7 8 9 10 11 13 14 15 | 15.2
Fighting       | 3 4 5 6 7 |  7.6
Dodging        | 2 3 4 5 6 7 |  7.5
Evocations     | 1 4 5 7 8 10 | 10.8
Throwing       | |  2.0

Action                   |  1- 3 |  4- 6 |  7- 9 || total
-------------------------+-------+-------+-------++-------
Melee: Dagger            |    23 |    11 |    31 ||    65
       Tentacles         |     7 |     2 |    11 ||    20
       Constrict         |     4 |     2 |     3 ||     9
 Abil: Evoke Invisibilit |     1 |     1 |     1 ||     3
 Stab: Sleeping          |     1 |     4 |     6 ||    11
       Invisible         |     1 |     1 |     5 ||     7
Dodge: Dodged            |    17 |     5 |    24 ||    46
